 Dungeon Crawl Stone Soup version 0.28.0-53-g5a82cb258f (webtiles) character file.

Game seed: 2606313610531617781

234 DemonSlayer the Firebug (level 5, -11/35 HPs)
             Began as a Demonspawn Fire Elementalist on July 28, 2022.
             Mangled by a mummy (17 damage)
             ... in an ossuary.
             The game lasted 00:10:06 (4668 turns).

DemonSlayer the Firebug (DsFE)                      Turns: 4668, Time: 00:10:07

Health: -11/35     AC:  2    Str:  8    XL:     5   Next: 75%
Magic:  1/10       EV: 12    Int: 19    God:
Gold:   142        SH:  0    Dex: 19    Spells: 1/11 levels left

rFire   . . .      SeeInvis .   h - +1 short sword
rCold   . . .      Faith    .   (no shield)
rNeg    . . .      Spirit   .   a - +0 robe
rPois   .          Reflect  .   (helmet restricted)
rElec   .          Harm     .   (no cloak)
rCorr   .          Rampage  .   (no gloves)
Will    .....                   (no boots)
Stlth   ++........              (no amulet)
HPRegen 0.11/turn               f - +6 ring of dexterity
MPRegen 0.24/turn               (no ring)

@: marked
A: antennae 1, magic regeneration, weakness stinger 1
a: no special abilities


You were in an ossuary.
You visited 1 branch of the dungeon, and saw 4 of its levels.
You also visited: Ossuary.

You collected 142 gold pieces.

Inventory:

Hand Weapons
 h - a +1 short sword (weapon)
Missiles
 l - a throwing net
Armour
 a - a +0 robe (worn)
Jewellery
 f - a +6 ring of dexterity (left hand)
Wands
 j - a wand of polymorph (12)
Potions
 g - a potion of degeneration {unknown}
 k - 2 potions of attraction {unknown}


   Skills:
 + Level 0.2 Fighting
 + Level 0.2 Short Blades
 + Level 0.2 Maces & Flails
 + Level 2.0 Dodging
 + Level 2.8 Stealth
 + Level 3.6 Spellcasting
 + Level 2.2 Conjurations
 + Level 3.8 Fire Magic


You had one spell level left.
You knew the following spells:

 Your Spells              Type           Power      Damage    Failure   Level
a - Foxfire               Conj/Fire      56%        2x1d6     4%          1
b - Scorch                Fire           36%        2d6       4%          2
c - Conjure Flame         Conj/Fire      14%        6-21      12%         3
d - Flame Wave            Conj/Fire      14%        2d6       38%         4

Your spell library contained the following spells:

 Spells                   Type           Power      Damage    Failure   Level
 Inner Flame              Hex/Fire       10%        N/A       19%         3


Dungeon Overview and Level Annotations

Branches:
Dungeon (4/15)            Ossuary (1/1)
 Temple: D:4-7

Altars:


Innate Abilities, Weirdness & Mutations

You have a pair of small antennae on your head.
You regenerate magic rapidly.
You have a small tail.


Message History

b - a potion of heal wounds
There are no items here.
The mummy enters a dispersal trap!
The mummy blinks!
The hobgoblin zombie blinks!
The mummy blinks! x2; You blink.
The mummy blinks!
There are no items here.
The hobgoblin zombie sets off the alarm!
The alarm trap emits a blaring wail!
The mark upon you grows brighter.
You see here a scroll labelled VASAQAO TENE.
You feel much better.
Flames lash the mummy.
The mummy is burned terribly!
The mummy is heavily damaged.
The mummy's fire resistance burns away.
Flames lash the mummy.
The mummy is burned terribly!
The mummy is severely damaged.
The centaur zombie fails to trigger a net trap.
The hobgoblin zombie closely misses you.
The mummy hits you!
You are too depleted to draw on your mana recklessly!
You are too depleted to draw on your mana recklessly!
You are too depleted to draw on your mana recklessly!
You hit the mummy.
The mummy is severely damaged.
The hobgoblin zombie barely misses you. The mummy hits you!
* * * LOW HITPOINT WARNING * * *
The centaur zombie fails to trigger a net trap.
The mummy fails to trigger a net trap.
You hit the mummy.
You tail-slap the mummy, but do no damage.
The mummy is almost destroyed.
The hobgoblin zombie closely misses you.
The centaur zombie closely misses you. The centaur zombie kicks you.
* * * LOW HITPOINT WARNING * * *
This is a scroll of acquirement!
Something appears at your feet! The centaur zombie barely misses you.
The centaur zombie kicks you.
* * * LOW HITPOINT WARNING * * *
The hobgoblin zombie fails to trigger a net trap.
The mummy hits you!
You die...

###### #### #########
##!!!.##.#.#.#.#.#.#.#
##.....^.....^.......^.
##......^^^.Z...........
#∩........Z..M.^.^^.....
##.......Z^.............
##....ZM.Z.Z.....^.^^..
##??M@##.#.#.#.#.#.#.#
###### #### # # #####


You could see 3 mummies, a hobgoblin zombie and 5 centaur zombies.

Vanquished Creatures
  An orc priest (D:4)
  2 mummies (Ossuary)
  9 adders
  A worm (D:4)
  4 dart slugs
  7 orcs
  10 ball pythons
  7 bats
  5 endoplasms
  3 giant cockroaches
  3 goblins
  5 hobgoblins (D:1)
  10 jackals
  2 quokkas
  4 frilled lizards
  A hobgoblin zombie (Ossuary)
  10 rats
84 creatures vanquished.

Vanquished Creatures (others)
  222 foxfires
222 creatures vanquished.

Grand Total: 306 creatures vanquished

Notes
Turn   | Place    | Note
-------+----------+-------------------------------------------
     0 | D:1      | DemonSlayer the Demonspawn Fire Elementalist began the
                  | quest for the Orb.
     0 | D:1      | Reached XP level 1. HP: 13/13 MP: 3/3
   355 | D:1      | Gained mutation: You regenerate magic rapidly. [demonic
                  | ancestry]
   355 | D:1      | Reached XP level 2. HP: 19/19 MP: 0/5
   358 | D:1      | Learned a level 2 spell: Scorch
  1072 | D:1      | Discovered your monstrous ancestry.
  1072 | D:1      | Gained mutation: You have a pair of small antennae on your
                  | head. [demonic ancestry]
  1072 | D:1      | Reached XP level 3. HP: 18/24 MP: 3/6
  2257 | D:1      | Learned a level 3 spell: Conjure Flame
  2478 | D:2      | Gained mutation: You have a small tail. [demonic ancestry]
  2478 | D:2      | Reached XP level 4. HP: 30/30 MP: 0/7
  3704 | D:3      | Reached XP level 5. HP: 35/35 MP: 6/9
  4225 | D:3      | Learned a level 4 spell: Flame Wave
  4602 | D:4      | Found a sand-covered staircase.
  4611 | Ossuary  | Entered an ossuary
  4626 | Ossuary  | HP: 1/35 [mummy (12)]
  4668 | Ossuary  | Identified a scroll of acquirement
  4668 | Ossuary  | Acquired 653 gold pieces
  4668 | Ossuary  | Mangled by a mummy

Illustrated notes

Levels and vault maps discovered:
D:1:      dpeg_arrival_circle_labyrinth_c, layout_basic, minmay_misc_feat_five,
          minmay_ruptured
D:2:      layout_basic
D:3:      layout_loops_cross
D:4:      gammafunk_cloud_chamber, layout_rooms, gammafunk_ghost_split,
          lightli_ossuary_entry_decrepit_ruins, uniq_robin
Ossuary:  ossuary_the_hunt_dpeg

Skill      XL: |  1  2  3  4 |
---------------+-------------+-----
Stealth        | 2 |  2.8
Fire Magic     | 3 |  3.8
Dodging        | 2 |  2.0
Conjurations   | 2 |  2.2
Spellcasting   | 3 |  3.6
Fighting       | |  0.2
Short Blades   | |  0.2
Maces & Flails | |  0.2

Action                   |  1- 3 |  4- 6 || total
-------------------------+-------+-------++-------
Melee: Club              |    38 |       ||    38
       Short sword       |     2 |    36 ||    38
       Tailslap          |       |     5 ||     5
Throw: Javelin           |     2 |     2 ||     4
       Throwing net      |       |     1 ||     1
 Cast: Foxfire           |   130 |    20 ||   150
       Scorch            |     1 |    38 ||    39
  Use: Scroll            |       |     6 ||     6
       Potion            |       |     6 ||     6
 Stab: Sleeping          |     2 |     7 ||     9
Armor: Robe              |    11 |    18 ||    29
Dodge: Dodged            |    62 |    86 ||   148
